 Dungeon Crawl Stone Soup version 0.15.1-4-gac8487e (webtiles) character file.

276 Johnny the Chiller (level 5, -4/37 HPs)
             Began as a Demigod Ice Elementalist on Oct 14, 2014.
             Slain by a yellow wasp (6 damage)
             ... on Level 4 of the Dungeon.
             The game lasted 00:06:14 (3227 turns).

Johnny the Chiller (Demigod Ice Elementalist)       Turns: 3227, Time: 00:06:14

HP  -4/37        AC  5     Str 12      XL: 5   Next: 73%
MP   8/13        EV 13     Int 20      God:
Gold 215         SH  2     Dex 17      Spells:  2 memorised,  4 levels left

rFire  . . .     SeeInvis .     g - +1 scythe (venom)
rCold  . . .     Clarity  .     a - +0 robe
rNeg   + . .     rCorr    .     (no shield)
rPois  .         rRot     .     (no helmet)
rElec  .         Spirit   .     (no cloak)
SustAb .         Warding  .     s - +0 pair of gloves
rMut   .         Stasis   .     (no boots)
Gourm  .                        (no amulet)
MR     .....                    z - ring of positive energy
                                (no ring)

@: lethally poisoned, slowed, very slow, not resistant to hostile enchantments,
unstealthy
A: large bone plates 1, frail 1, spit poison 1
a: Spit Poison


You were on level 4 of the Dungeon.
You were near starving.

You visited 1 branch of the dungeon, and saw 4 of its levels.

You collected 215 gold pieces.

Inventory:

Hand weapons
 g - a +1 scythe of venom (weapon)
 r - a +3 dagger
Armour
 a - a +0 robe (worn)
 s - a +0 pair of gloves (worn)
Magical devices
 y - a wand of slowing (11) {unknown}
Comestibles
 c - 6 bread rations
 i - a beef jerky
 w - a meat ration
Scrolls
 h - a scroll of teleportation
 j - a scroll of immolation {unknown}
 k - 2 scrolls of blinking
 m - a scroll of identify
 v - 2 scrolls of noise {unknown}
Jewellery
 z - a ring of positive energy (right hand)
Potions
 e - a potion of restore abilities
 f - a potion of haste {unknown}
 l - a potion of invisibility {unknown}
 t - a potion of resistance
Books
 b - a book of Frost

   Spells                             Type                      Level
   *Freeze                            Ice                          1
   Throw Frost                        Conjuration/Ice              2
   Ozocubu's Armour                   Charms/Ice                   3
   Throw Icicle                       Conjuration/Ice              4
   *Summon Ice Beast                  Ice/Summoning                4
   Condensation Shield                Ice                          4


   Skills:
 * Level 2.3 Fighting
 * Level 0.1 Polearms
 + Level 1.1 Armour
 + Level 2.4 Dodging
 + Level 3.0 Stealth
 * Level 2.8 Spellcasting
   Level 0.8 Conjurations
 * Level 0.5 Summonings
 * Level 3.4 Ice Magic
 + Level 0.4 Evocations


You had 4 spell levels left.
You knew the following spells:

 Your Spells              Type           Power        Failure   Level  Hunger
a - Freeze                Ice            ###.         3%          1    None
b - Summon Ice Beast      Ice/Summ       ##......     71%         4    ####...


Dungeon Overview and Level Annotations

Branches:
Dungeon (4/15)
 Temple: D:4-7


Innate Abilities, Weirdness & Mutations

You are partially covered in large bone plates (AC +2, SH +2).
You are frail (-10% HP).
You can spit poison.


Message History

Casting: Freeze
Confirm with . or Enter, or press ? or * to list all spells.
Aiming: Freeze
Press: ? - help, Shift-Dir - straight line, f/p - yellow wasp
Aim: a yellow wasp (heavily wounded)
You freeze the yellow wasp.
The yellow wasp is heavily wounded.
* * * LOW HITPOINT WARNING * * *
You feel sick. The yellow wasp misses you. The yellow wasp barely misses you.
Unknown command.
Casting: Freeze
Confirm with . or Enter, or press ? or * to list all spells.
Aiming: Freeze
Press: ? - help, Shift-Dir - straight line, f/p - yellow wasp
Aim: a yellow wasp (heavily wounded)
You freeze the yellow wasp.
The yellow wasp is almost dead.
* * * LOW HITPOINT WARNING * * *
You feel sick. The yellow wasp stings you.
You die...

#...........#
+...........#
####.######.#
######.######.#
#.............#
+.##...##.##..#
#...##.##..#
#..........#
#...##@....#
#...##y....#
.....+......#
###+##.##..#
#.# ..# +.. ..#
#+# .#


You could see a yellow wasp.

Vanquished Creatures
  Sigmund (D:3)
  A crimson imp (D:3)
  An orc priest (D:3)
  5 adders
  A giant mite (D:4)
  3 worms
  2 giant geckos (D:3)
  2 orcs (D:3)
  10 bats
  6 giant cockroaches
  12 hobgoblins
  A jackal (D:1)
  A quokka (D:4)
  2 ball pythons (D:1)
  6 giant newts
  8 goblins
  7 kobolds
  A kobold skeleton (D:4)
  5 rats
75 creatures vanquished.

Notes
Turn   | Place    | Note
--------------------------------------------------------------
     0 | D:1      | Johnny, the Demigod Ice Elementalist, began the quest for the Orb.
     0 | D:1      | Reached XP level 1. HP: 14/14 MP: 3/3
   361 | D:1      | Reached XP level 2. HP: 7/20 MP: 5/5
   948 | D:1      | HP: 1/22 [hobgoblin (5)]
  1276 | D:2      | Reached skill level 1 in Fighting
  1276 | D:2      | Reached XP level 3. HP: 21/28 MP: 1/8
  1533 | D:2      | Reached skill level 3 in Ice Magic
  2164 | D:2      | You fall through a shaft!
  2187 | D:3      | Reached XP level 4. HP: 22/35 MP: 8/11
  2193 | D:3      | Learned a level 4 spell: Summon Ice Beast
  2217 | D:3      | Found a bloodstained altar of Trog.
  2269 | D:3      | Reached skill level 1 in Armour
  2307 | D:3      | Noticed Sigmund
  2331 | D:3      | Gained mutation: You are partially covered in large bone plates (AC +2, SH +2). [potion of mutation]
  2331 | D:3      | Gained mutation: You are frail (-10% HP). [potion of mutation]
  2331 | D:3      | Gained mutation: You can spit poison. [potion of mutation]
  2342 | D:3      | Killed Sigmund
  2342 | D:3      | Reached XP level 5. HP: 14/36 MP: 0/12
  3213 | D:4      | Noticed a yellow wasp
  3222 | D:4      | Paralysed by a yellow wasp for 2 turns
  3227 | D:4      | Slain by a yellow wasp

Action                   |  1- 3 |  4- 6 || total
-------------------------+-------+-------++-------
Melee: Short sword       |    55 |       ||    55
       Unarmed           |     1 |       ||     1
       Dagger            |    40 |    23 ||    63
       Scythe            |       |    36 ||    36
 Cast: Freeze            |    43 |    34 ||    77
  Use: Potion            |       |     9 ||     9
       Scroll            |       |     5 ||     5
 Stab: Sleeping          |       |     6 ||     6
       Distracted        |       |     1 ||     1
  Eat: Chunk             |     4 |     2 ||     6
